 Dungeon Crawl Stone Soup version 0.21.1-1-g345015f (webtiles) character file.

66 equalderp2856 the Covered (level 3, -1/33 HPs)
             Began as a Minotaur Fighter on Apr 29, 2018.
             Killed from afar by Sigmund (6 damage)
             ... with a magic dart
             ... on level 2 of the Dungeon.
             The game lasted 00:01:33 (1053 turns).

equalderp2856 the Covered (Minotaur Fighter)        Turns: 1053, Time: 00:01:34

Health: -1/33      AC:  7    Str: 20    XL:     3   Next: 96%
Magic:  0/3        EV: 12    Int:  5    God:
Gold:   99         SH: 10    Dex: 15    Spells: 3/3 levels left

rFire    . . .     SeeInvis .   a - +0 war axe
rCold    . . .     Gourm    .   c - +0 shield
rNeg     . . .     Faith    .   b - +0 scale mail
rPois    .         Spirit   +   (helmet restricted)
rElec    .         Reflect  .   n - scarf {Spirit}
rCorr    .         Harm     .   (no gloves)
MR       .....                  (no boots)
Stlth    +.........             (no amulet)
HPRegen  0.11/turn              (no ring)
MPRegen  0.08/turn              (no ring)

@: agile
A: retaliatory headbutt, horns 2
a: no special abilities


You were on level 2 of the Dungeon.
You were hungry.

You visited 1 branch of the dungeon, and saw 2 of its levels.

You collected 99 gold pieces.

Inventory:

Hand Weapons
 a - a +0 war axe (weapon)
Armour
 b - a +0 scale mail (worn)
 c - a +0 shield (worn)
 n - a scarf of spirit shield (worn)
Scrolls
 e - a scroll of immolation {unknown}
 g - a scroll of random uselessness {unknown}
 h - a scroll of enchant weapon {unknown}
 j - 2 scrolls of teleportation {unknown}
 k - a scroll of enchant armour {unknown}
 o - a scroll of identify {unknown}
 r - a scroll of noise {unknown}
 s - a scroll of amnesia {unknown}
Potions
 d - 2 potions of might
 i - a potion of haste {unknown}
 l - a potion of invisibility {unknown}
 m - a potion of mutation {unknown}
 p - a potion of agility
 q - a potion of curing {unknown}
 t - a potion of resistance {unknown}
 u - a potion of berserk rage {unknown}
Comestibles
 f - 3 rations


   Skills:
 + Level 4.0 Fighting
 + Level 3.3 Axes
 + Level 4.3 Armour
 + Level 0.4 Dodging
 + Level 4.1 Shields
 * Level 0.6 Spellcasting


You had 3 spell levels left.
You didn't know any spells.

Dungeon Overview and Level Annotations

Branches:
Dungeon (2/15)

Altars:
Xom

Annotations:
D:2 Sigmund


Innate Abilities, Weirdness & Mutations

You reflexively headbutt those who attack you in melee.
You have a pair of horns on your head.


Message History

A magic dart appears from out of thin air!
The magic dart hits you!
You are more confused.
Something completely misses you. Something hits you!
* * * LOW HITPOINT WARNING * * *
Something hits you.
* * * LOW HITPOINT WARNING * * *
There is an open door here.
It was a potion of agility.
You feel agile all of a sudden. Something hits you but does no damage.
You feel less confused.
You hear some strange, mumbled words.
Something tries to affect you, but you resist.
You block something's attack.
There is a stone staircase leading down here.
A magic dart appears from out of thin air!
The magic dart hits you!
You die...

### #.....#
..######...(.###.#
#.....##...(..##.#
#.....##...((.##.#
#.....##......##.#
#)....#####...##.#
#.....# #...##.#
#.....#####...##.#
..........'.....@#
......#####...####
......# #####
......#
#.....##########
#.###..........#
#.# #..........#
#.###..........#
.†..........(..#


There were no monsters in sight!

Vanquished Creatures
  An adder (D:2)
  A gnoll (D:1)
  A worm (D:2)
  A dart slug (D:2)
  A leopard gecko (D:1)
  2 ball pythons
  6 bats
  2 goblins
  3 hobgoblins
  9 jackals (D:2)
  6 kobolds
  4 frilled lizards
  4 rats (D:2)
41 creatures vanquished.

Notes
Turn   | Place    | Note
-------+----------+-------------------------------------------
     0 | D:1      | equalderp2856 the Minotaur Fighter began the quest for the Orb.
     0 | D:1      | Reached XP level 1. HP: 19/19 MP: 0/0
   159 | D:1      | Reached XP level 2. HP: 23/27 MP: 1/1
   704 | D:2      | Found a shimmering altar of Xom.
   742 | D:2      | Reached XP level 3. HP: 33/33 MP: 2/2
  1019 | D:2      | Noticed Sigmund
  1053 | D:2      | Killed from afar by Sigmund

Skill      XL: |  1  2  3 |
---------------+----------+-----
Armour         | 4 |  4.3
Shields        | 4 |  4.1
Axes           | 3 |  3.3
Fighting       | 4 |  4.0
Dodging        | |  0.4
Spellcasting   | |  0.6

Action                   || total
-------------------------++-------
Melee: War axe           ||    87
       Headbutt          ||    10
  Use: Potion            ||     1
Armor: Scale mail        ||    49
Dodge: Dodged            ||    27
Block: Shield            ||    57
